 Dungeon Crawl Stone Soup version 0.30-a0-777-ga9a30cbeda (webtiles) character file.

Game seed: 16929035425694516383

751 Hubris850 the Chopper (level 7, -1/57 HPs)
             Began as a Hill Orc Gladiator on Feb 14, 2023.
             Slain by Menkaure (15 damage)
             ... on level 5 of the Dungeon.
             The game lasted 00:07:47 (3579 turns).

Hubris850 the Chopper (Hill Orc Gladiator)          Turns: 3579, Time: 00:07:47

Health: -1/57      AC:  4    Str: 19    XL:     7   Next: 78%
Magic:  7/7        EV: 11    Int:  8    God:
Gold:   275        SH:  0    Dex: 12    Spells: 6/6 levels left

rFire   . . .      SeeInvis +    j - +1 hand axe (venom)
rCold   . . .      Faith    .    (no shield)
rNeg    . . .      Spirit   .    p - +0 ring mail
rPois   .          Reflect  .    s - +1 helmet "Kefucecuqu" {SInv}
rElec   .          Harm     .    (no cloak)
rCorr   .          Rampage  .    (no gloves)
Will    .....                    (no boots)
Stlth   +                        t - amulet of regeneration
HPRegen 1.09/turn                n - ring of wizardry
MPRegen 0.10/turn                (no ring)

@: corroded
A: no striking features
a: no special abilities


You were on level 5 of the Dungeon.
You visited 1 branch of the dungeon, and saw 5 of its levels.

You collected 275 gold pieces.

Inventory:

Hand Weapons
 a - a +0 war axe
 j - a +1 hand axe of venom (weapon)
Missiles
 d - 3 throwing nets
 u - 11 poisoned darts (quivered)
 z - 5 curare-tipped darts
Armour
 b - a +0 leather armour
 c - a +0 helmet
 p - a +0 ring mail (worn)
 s - the +1 helmet "Kefucecuqu" (worn) {SInv}
   (You took it off Robin on level 2 of the Dungeon)

   SInv:      It lets you see invisible.
 w - a +0 plate armour
Jewellery
 n - a ring of wizardry (left hand)
 t - an amulet of regeneration (around neck)
Scrolls
 h - a scroll of noise {unknown}
 i - 2 scrolls of poison {unknown}
 k - a scroll of enchant armour {unknown}
 l - 2 scrolls of amnesia {unknown}
 q - a scroll of immolation {unknown}
 r - 2 scrolls of teleportation {unknown}
 v - 4 scrolls of identify {unknown}
 y - 2 scrolls of silence {unknown}
Potions
 f - a potion of magic {unknown}
 g - 3 potions of curing
 m - a potion of mutation {unknown}
 o - a potion of haste {unknown}
 x - a potion of might {unknown}
 A - a potion of heal wounds {unknown}
 B - a potion of brilliance {unknown}


   Skills:
 - Level 3.0 Fighting
 + Level 7.8 Axes
 + Level 4.9 Throwing
 - Level 4.0 Armour
 - Level 2.4 Dodging


You had 6 spell levels left.
You didn't know any spells.
Your spell library contained the following spells:

 Spells                   Type           Power      Damage    Failure   Level
 Dazzling Flash           Conj/Hex       0%         N/A       61%         3
 Agony                    Necr           0%         N/A       100%        5
 Silence                  Hex/Air        0%         N/A       100%        5


Dungeon Overview and Level Annotations

Branches:
Dungeon (5/15)
 Temple: D:4-7

Altars:
Ashenzari
Dithmenos
Okawaru
Ru
Wu Jian

Shops:
D:4 *

Annotations:
D:5 Menkaure


Message History

Menkaure is lightly damaged.
It was a potion of curing.
You feel better.
Throw: 4 javelins
Press: ? - help, Shift-Dir - straight line, f/p - Menkaure
Aim: Menkaure (lightly damaged, 75% to hit)
You throw a javelin.
The javelin pierces through Menkaure but does no damage.
Menkaure is lightly damaged.
Menkaure shouts, "You disturbed my rest!
Die!"
Menkaure gestures wildly while chanting.
Menkaure seems to speed up.
Throw: 3 javelins
Press: ? - help, Shift-Dir - straight line, f/p - Menkaure
Aim: Menkaure (lightly damaged, fast, 75% to hit)
You throw a javelin. The javelin pierces through Menkaure!
Menkaure is severely damaged.
Throw: 2 javelins
Press: ? - help, Shift-Dir - straight line, f/p - Menkaure
Aim: Menkaure (severely damaged, fast, 75% to hit)
You throw a javelin. The javelin barely misses Menkaure.
Menkaure closely misses you. x2
Throw: javelin
Press: ? - help, Shift-Dir - straight line, f/p - Menkaure
Aim: Menkaure (severely damaged, fast, 75% to hit)
You throw a javelin. The javelin pierces through Menkaure.
Menkaure is almost destroyed.
Menkaure casts a spell at you.
You struggle to resist.
You barely miss Menkaure.
Menkaure is almost destroyed.
Menkaure barely misses you.
You hit Menkaure but do no damage.
Menkaure is almost destroyed.
Menkaure calls on the powers of darkness!
Your body is wracked with pain!
* * * LOW HITPOINT WARNING * * *
You hit Menkaure.
Menkaure is almost destroyed.
Menkaure hits you!
You die...

###......... (..#.##..
........... .........
.##.......# . .........
...#.##....# #
.(......##.....##....###
.........##....##......'
......<.......###.######
§.....M).......##.## ##
......)@...........# #.
≈≈.................####.
#≈.##...............##..
##...............†......
#...#..................
#..###...##.........###
#.[ #..#####.......# #.
##.. ##...#...# ...
#...##..#


You could see Menkaure (fast).

Vanquished Creatures
  An ice beast (D:5)
  2 phantoms
  A bullfrog (D:4)
  2 jellies
  3 orc priests
  2 iguanas (D:5)
  Natasha (D:3)
  An orc wizard (D:5)
  Robin (D:2)
  7 adders
  2 worms
  4 dart slugs
  8 orcs
  3 endoplasms
  12 goblins
  10 hobgoblins
  13 jackals
  5 kobolds
  5 quokkas
  7 ball pythons
  4 bats
  5 frilled lizards
  7 rats
106 creatures vanquished.

Notes
Turn   | Place    | Note
-------+----------+-------------------------------------------
     0 | D:1      | Hubris850 the Hill Orc Gladiator began the quest for the
                  | Orb.
     0 | D:1      | Reached XP level 1. HP: 18/18 MP: 1/1
   119 | D:1      | Reached XP level 2. HP: 25/25 MP: 2/2
   256 | D:1      | Reached skill level 1 in Armour
   751 | D:2      | Reached XP level 3. HP: 30/30 MP: 3/3
  1027 | D:2      | Identified the +1 helmet "Kefucecuqu" {SInv}
  1027 | D:2      | Noticed Robin
  1034 | D:2      | Killed Robin
  1340 | D:2      | Reached XP level 4. HP: 38/38 MP: 4/4
  1511 | D:2      | Reached skill level 5 in Axes
  2420 | D:3      | Found an iron altar of Okawaru.
  2523 | D:3      | Reached XP level 5. HP: 45/45 MP: 5/5
  2818 | D:3      | Noticed a phantom
  2830 | D:3      | Killed a phantom
  2879 | D:3      | Noticed Natasha
  2890 | D:3      | Killed Natasha
  2891 | D:3      | Reached XP level 6. HP: 38/51 MP: 6/6
  2970 | D:4      | Found Poudaaq's General Store.
  3040 | D:4      | Reached skill level 6 in Axes
  3144 | D:4      | Found a sacrificial altar of Ru.
  3154 | D:4      | Found a broken altar of Ashenzari.
  3383 | D:4      | You fall into a shaft and drop 1 floor!
  3383 | D:5      | Entered Level 5 of the Dungeon
  3407 | D:5      | Reached XP level 7. HP: 57/57 MP: 7/7
  3444 | D:5      | Found an ornate altar of the Wu Jian Council.
  3469 | D:5      | Reached skill level 7 in Axes
  3541 | D:5      | Found a shadowy altar of Dithmenos.
  3566 | D:5      | Noticed Menkaure
  3579 | D:5      | Slain by Menkaure

Illustrated notes

Levels and vault maps discovered:
D:1:      minmay_arrival_jagged, layout_basic
D:2:      layout_basic, nrook_campfire, fountainhead, uniq_robin,
          uniq_crazy_yiuf_cottage
D:3:      layout_basic, old_standard_altar, kennysheep_potato, uniq_natasha
D:4:      layout_basic, jmf_multi_god_temple, nicolae_stop_n_shop_2, st_stairs_5
D:5:      layout_cave_pools, mainiacjoe_overflow_brackets,
          pdpol_wu_jian_five_deadly_venoms, grunt_dithmenos_shadows,
          lightli_temple_of_fire, portal_sewer_entry_b,
          hangedman_decor_peaks_small, uniq_menkaure

Skill      XL: |  1  2  3  4  5  6  7 |
---------------+----------------------+-----
Throwing       | 2 3 4 |  4.9
Armour         | 1 2 3 4 |  4.0
Fighting       | 3 |  3.0
Axes           | 5 6 7 |  7.8
Dodging        | |  2.4

Action                     |  1- 3 |  4- 6 |  7- 9 || total
---------------------------+-------+-------+-------++-------
  Melee: War axe           |    21 |       |       ||    21
         Hand axe          |    68 |   172 |    49 ||   289
         Punch             |       |       |     1 ||     1
  Throw: Dart              |       |     3 |     1 ||     4
         Javelin           |       |       |     5 ||     5
    Use: Potion            |       |       |     1 ||     1
 Armour: Leather armour    |     9 |       |       ||     9
         Ring mail         |    24 |    59 |    22 ||   105
  Dodge: Dodged            |    56 |    91 |    20 ||   167

Table legend: (Time is in decaauts)
 A = Elapsed time spent in this place.
 B = Non-inter-level travel time spent in this place.
 C = Inter-level travel time spent in this place.
 D = Time resting spent in this place.
 E = Time spent auto-exploring this place.
 F = Levels seen in this place.
 G = Mean time per level.
                   A        B        C        D        E       F      G
               +--------+--------+--------+--------+--------+-----+--------+
         Total |   3592 |   3507 |     85 |     47 |   2634 |   5 |  718.4 |
       Dungeon |   3592 |   3507 |     85 |     47 |   2634 |   5 |  718.4 |
               +--------+--------+--------+--------+--------+-----+--------+

Top non-repeatable levels by time:
     D:2: 1626 daAuts
     D:1: 734 daAuts
     D:3: 626 daAuts
     D:4: 411 daAuts
     D:5: 194 daAuts
